 Dungeon Crawl Stone Soup version 0.31.0-11-ge490571c62 (webtiles) character file.

Game seed: 4565725840898012283

4 mopl the Caller (level 1, -1/10 HPs)
             Began as a Tengu Summoner on Feb 10, 2024.
             Slain by a hobgoblin (5 damage)
             ... on level 1 of the Dungeon.
             The game lasted 00:00:22 (122 turns).

mopl the Caller (Tengu Summoner)                     Turns: 122, Time: 00:00:24

Health: -1/10      AC:  2    Str:  8    XL:     1   Next: 70%
Magic:  3/4        EV: 12    Int: 15    God:
Gold:   35         SH:  0    Dex: 14    Spells: 3/4 levels left

rFire   . . .        e - +1 mace (holy)
rCold   . . .        (no shield)
rNeg    . . .        a - +0 robe
rPois   .            (helmet restricted)
rElec   .            (no cloak)
rCorr   .            (no gloves)
SInv    .            (boots unavailable)
Will    .....        (no amulet)
Stlth   ++           (no ring)
HPRegen 0.21/turn    (no ring)
MPRegen 0.09/turn

%: acrobat
@: no status effects
A: beak, talons 3, acrobatic
a: no special abilities


You were on level 1 of the Dungeon.
You visited 1 branch of the dungeon, and saw 1 of its levels.

You collected 35 gold pieces.

Inventory:

Hand Weapons
 e - a +1 mace of holy wrath (weapon)
Armour
 a - a +0 robe (worn)
Scrolls
 d - a scroll of poison {unknown}
Potions
 b - a potion of magic
 c - a potion of degeneration {unknown}


   Skills:
 - Level 2.1 Dodging
 - Level 2.0 Stealth
 + Level 2.2 Spellcasting
 + Level 5.0 Summonings


You had 3 spell levels left.
You knew the following spells:

 Your Spells              Type           Power      Damage    Failure   Level
a - Summon Small Mammal   Summ           64%        N/A       2%          1

Your spell library contained the following spells:

 Spells                   Type           Power      Damage    Failure   Level
 Call Imp                 Summ           32%        N/A       4%          2
 Call Canine Familiar     Summ           16%        N/A       9%          3
 Summon Blazeheart Golem  Fire/Summ      9%         N/A       61%         4
 Summon Lightning Spire   Summ/Air       9%         N/A       61%         4


Dungeon Overview and Level Annotations

Branches:
Dungeon (1/15)

Altars:


Innate Abilities, Weirdness & Mutations

You have a beak for a mouth.
You have claws for feet.
You can magically evade attacks while moving or waiting.


Message History

The rat barely misses you. The hobgoblin misses you.
The bat closely misses you.
You hit the bat.
You kill the bat!
The rat misses you. The hobgoblin hits you.
* * * LOW HITPOINT WARNING * * *
The hobgoblin barely misses you. The rat bites you.
* * * LOW HITPOINT WARNING * * *
Your Summonings skill increases to level 5!
The kobold attacks as it pursues you! The kobold completely misses you.
The hobgoblin attacks as it pursues you!
The hobgoblin completely misses you.
The hobgoblin attacks as it pursues you!
The hobgoblin closely misses you.
Found 7 stones.
Casting: Summon Small Mammal (safe; 2% risk of failure)
Confirm with . or Enter, or press ? or * to list all spells.
The rat twitches its whiskers.
The hobgoblin barely misses you.
You swap places.
Your bat hits the hobgoblin.
Your bat hits the hobgoblin but does no damage.
The hobgoblin closely misses your bat.
Your bat hits the hobgoblin but does no damage.
The hobgoblin misses your bat.
Your bat closely misses the hobgoblin.
The hobgoblin hits your bat.
Your bat misses the hobgoblin.
Your bat closely misses the hobgoblin.
The hobgoblin barely misses your bat.
Your bat hits the hobgoblin but does no damage.
Your bat barely misses the hobgoblin.
The hobgoblin hits your bat.
Your bat dies!
Your bat's corpse disappears in a puff of smoke!
The hobgoblin shouts!
You hear an angry hiss.
A ball python comes into view.
A quokka comes into view.
You barely miss the hobgoblin. Your kick misses the hobgoblin.
The hobgoblin is severely wounded.
An endoplasm comes into view.
The hobgoblin hits you.
Ouch! That really hurt!
You die...

...## ... ....#...
J..... ........
...( ........ ....
....###. ... #...#
#S. #.### #r# #.#
#.# #.# #@# #.#
#... #g# #### #
+... #r# ....
##########...###K#
...#.
..............##.#
#####.....
....#####
..#ww###.......#.
###...##
#.#......!.......
###..#
#.#........$....?
##.####
#.†..............


You could see 2 dart slugs, an endoplasm (wandering), a quokka, a hobgoblin, a
ball python, a kobold and a rat.

Vanquished Creatures
  A bat (D:1)
  2 giant cockroaches (D:1)
  A ball python (D:1)
4 creatures vanquished.

Notes
Turn   | Place    | Note
-------+----------+-------------------------------------------
     0 | D:1      | mopl the Tengu Summoner began the quest for the Orb.
     0 | D:1      | Reached XP level 1. HP: 10/10 MP: 4/4
   111 | D:1      | Reached skill level 5 in Summonings
   122 | D:1      | Slain by a hobgoblin

Illustrated notes

Levels and vault maps discovered:
D:1:      onia_arrival_pyramid, layout_basic, serial_glass, glass_columns_a,
          glass_columns_a, nicolae_shop_vocational

Skill      XL: |  1 |
---------------+----+-----
Summonings     | 5 |  5.0
Dodging        | |  2.1
Stealth        | |  2.0
Spellcasting   | |  2.2

Action                     || total
---------------------------++-------
  Melee: Mace              ||    12
         Unarmed           ||    10
         Peck              ||     3
         Kick              ||     2
   Cast: Summon Small Mamm ||     1
   Stab: Sleeping          ||     1
 Armour: Robe              ||    18
  Dodge: Dodged            ||    40
